 Dungeon Crawl Stone Soup version 0.24-a0-208-g17bec22d17 (webtiles) character file.

Game seed: 7319187951543002981

65 Redear the Sneak (level 3, -2/18 HPs)
             Began as a Felid Monk on Mar 29, 2019.
             Shot with a stone by a goblin (7 damage)
             ... on level 2 of the Dungeon.
             The game lasted 00:04:15 (1542 turns).

Redear the Sneak (Felid Monk)                       Turns: 1542, Time: 00:04:16

Health: -2/18      AC:  1    Str:  8    XL:     3   Next: 94%
Magic:  4/4        EV: 19    Int: 11    God:
Gold:   44         SH:  0    Dex: 18    Spells: 2/2 levels left
                                        Lives:  0   Deaths: 0

rFire    . . .     SeeInvis +     - Unarmed
rCold    . . .     Gourm    +   (shield unavailable)
rNeg     . . .     Faith    .   (armour unavailable)
rPois    .         Spirit   .   (helmet unavailable)
rElec    .         Reflect  .   (cloak unavailable)
rCorr    .         Harm     .   (gloves unavailable)
MR       .....                  (boots unavailable)
Stlth    +++.......             j - amulet of the gourmand
HPRegen  0.06/turn              (no ring)
MPRegen  0.09/turn              (no ring)

@: quick
A: very small, no armour, no weapons or thrown items, stealth, claws 1, fangs 3,
see invisible, carnivore, speed 1, shaggy fur 1, slow metabolism 1, sharp paws
a: no special abilities


You were on level 2 of the Dungeon.
You were not hungry.

You visited 1 branch of the dungeon, and saw 2 of its levels.

You collected 44 gold pieces.

Inventory:

Jewellery
 j - an amulet of the gourmand (around neck)
Scrolls
 b - 3 scrolls of teleportation {unknown}
 c - a scroll of enchant armour {unknown}
 d - a scroll of identify {unknown}
 e - a scroll of magic mapping {unknown}
 f - 3 scrolls of remove curse {unknown}
 g - a scroll of fear {unknown}
 i - a scroll of enchant weapon {unknown}
Potions
 h - a potion of lignification {unknown}
 k - 2 potions of degeneration {unknown}
 l - a potion of might {unknown}
Comestibles
 a - 2 rations


   Skills:
 + Level 3.6 Fighting
 - Level 4.0 Dodging
 + Level 4.1 Stealth
 + Level 3.7 Unarmed Combat


You had 2 spell levels left.
You didn't know any spells.
Your spell library was empty.

Dungeon Overview and Level Annotations

Branches:
Dungeon (2/15)

Altars:


Innate Abilities, Weirdness & Mutations

You cannot wear armour.
You are incapable of wielding weapons or throwing items.
Your paws allow you to move quietly. (Stealth)
You have sharp claws.
You have razor-sharp teeth.
You have supernaturally acute eyesight. (SInv)
You are carnivorous and can eat meat at any time.
You cover ground quickly.
You are covered in fur. (AC +1)
You have a slow metabolism.
Your sharp claws are effective at attacking unaware monsters.


Message History

You are too injured to fight recklessly! 3 gnolls come into view.
You see here a gnoll corpse.
The gnoll shouts! x3
The gnoll throws a throwing net.
The throwing net closely misses you.
A hobgoblin comes into view.
The gnoll throws a throwing net.
The throwing net completely misses you. The gnoll hits you with a +0 flail!
Ouch! That really hurt!
* * * LOW HITPOINT WARNING * * *
You take 9 damage, and have 2/18 hp.
MASSIVE DAMAGE!!
You see here a gnoll corpse.
The adder hisses angrily.
You see here a bat corpse.
A goblin comes into view.
The goblin shouts!
You hear an angry hiss.
The goblin wields a +0 hunting sling.
The goblin shoots a stone.
The stone hits you!
You die...

#.# ###.#.# ####.#
#...#.#
#....###.###.#
#.####...#...#
#.##.#.###.###
#.##.....#.# .
#.†....#.#.# ...
#..#.S.....####....g
#..#.......†@.......
#..##....######.....
#...+....# +##
#.###....#### ####
#####'######....#
#... .........#
####.# ########.##
####.....### #.#
#........##
#........# ##.#
#........#<
#.######.###..#
#........##


You could see an adder and a goblin.

Levels and vault maps discovered:
D:1:      onia_arrival_handbag, layout_rooms
D:2:      layout_basic, minivault_24

Notes
Turn   | Place    | Note
-------+----------+-------------------------------------------
     0 | D:1      | Redear the Felid Monk began the quest for the Orb.
     0 | D:1      | Reached XP level 1. HP: 10/10 MP: 2/2
    17 | D:1      | Identified a +0 club
    24 | D:1      | Identified a +0 club
    38 | D:1      | Reached skill level 3 in Stealth
    47 | D:1      | Identified a +0 club
    52 | D:1      | HP: 1/10 [hobgoblin/+0 club (7)]
   110 | D:2      | Identified a +0 club
   112 | D:2      | Identified a potion of agility
   113 | D:2      | Identified a potion of flight
   119 | D:2      | Reached XP level 2. HP: 4/14 MP: 3/3
   429 | D:1      | Identified a +0 club
   460 | D:1      | Identified a cursed +0 whip
   499 | D:1      | Identified a +0 dagger
   513 | D:1      | Identified a +0 short sword
   623 | D:1      | Reached XP level 3. HP: 17/17 MP: 4/4
   648 | D:1      | Identified a +0 club
   706 | D:1      | Identified an amulet of the gourmand (You found it on level
                  | 1 of the Dungeon)
   801 | D:2      | HP: 4/17 [poisoned by an adder]
   806 | D:2      | HP: 3/17 [poisoned by an adder]
   811 | D:2      | HP: 2/17 [poisoned by an adder]
  1123 | D:2      | Identified a +0 whip
  1179 | D:2      | Identified a +0 dagger
  1179 | D:2      | Identified a +0 hunting sling
  1378 | D:2      | Reached skill level 4 in Stealth
  1475 | D:2      | Identified a +0 flail
  1475 | D:2      | Identified a +0 flail
  1475 | D:2      | Identified a +0 flail
  1478 | D:2      | HP: 2/18 [gnoll/+0 flail (9)]
  1542 | D:2      | Identified a +0 hunting sling
  1542 | D:2      | Shot with a stone by a goblin

Table legend:
 A = Turns spent in this place as a percentage of turns spent in the entire game.
 B = Non-inter-level travel turns spent in this place as a percentage of non-inter-level travel turns spent in the entire game.
 C = Inter-level travel turns spent in this place as a percentage of turns spent in this place.
 D = Turns resting spent in this place as a percentage of non-inter-level travel turns spent in this place.
 E = Turns spent auto-exploring this place as a percentage of non-inter-level travel turns spent in this place.
 F = Non-inter-level travel turns spent in this place divided by the number of levels of this place that you've seen.
                   A       B       C       D       E      F
               +-------+-------+-------+-------+-------+----------------------
         Total | 100.0 | 100.0 |   1.3 |  33.8 |  29.5 | 761.0
       Dungeon | 100.0 | 100.0 |   1.3 |  33.8 |  29.5 | 761.0
               +-------+-------+-------+-------+-------+----------------------

Table legend:
 A = Kills in this place as a percentage of kills in entire the game.
 B = Kills by you in this place as a percentage of kills by you in the entire game.
 C = Kills by friends in this place as a percentage of kills by friends in the entire game.
 D = Other kills in this place as a percentage of other kills in the entire game.
 E = Experience gained in this place as a percentage of experience gained in the entire game.
 F = Experience gained in this place divided by the number of levels of this place that you have seen.
                   A       B       C       D       E      F
               +-------+-------+-------+-------+-------+----------------------
         Total | 100.0 | 100.0 |   N/A |   N/A | 100.0 |  47.0
       Dungeon | 100.0 | 100.0 |   N/A |   N/A | 100.0 |  47.0
               +-------+-------+-------+-------+-------+----------------------

Skill      XL: |  1  2  3 |
---------------+----------+-----
Stealth        | 3 4 |  4.1
Fighting       | |  3.6
Dodging        | |  4.0
Unarmed Combat | |  3.7

Action                   || total
-------------------------++-------
Melee: Unarmed           ||   136
       Bite              ||    18
  Use: Potion            ||     2
 Stab: Sleeping          ||     9
Armor: Skin              ||     3
Dodge: Dodged            ||   117

Vanquished Creatures
  A gnoll (D:2)
  2 worms (D:2)
  A dart slug (D:1)
  2 ball pythons
  2 giant cockroaches (D:1)
  8 hobgoblins
  A quokka (D:2)
  8 bats
  4 frilled lizards
  3 goblins
  5 kobolds
  14 rats
51 creatures vanquished.
